 Dungeon Crawl Stone Soup version 0.20.0-14-g326068f (webtiles) character file.

397306 Chiseanne the Peltast (level 22, -2/172 HPs)
             Began as a Demonspawn Wanderer on June 8, 2017.
             Was a Believer of Qazlal.
             Slain by a spriggan berserker
             ... wielding a +1 eveningstar of protection
              (16 damage)
             ... on level 2 of the Depths.
             The game lasted 04:21:10 (59588 turns).

Chiseanne the Peltast (Demonspawn Wanderer)        Turns: 59588, Time: 04:21:11

Health: -2/172     AC: 10    Str: 15    XL:     22   Next: 21%
Magic:  0/44       EV: 25    Int: 28    God:    Qazlal [**....]
Gold:   623        SH: 23    Dex: 20    Spells: 12/39 levels left

rFire    + + .     SeeInvis .   a - +8 trident of the Octopus King {venom, rElec rPois MR+}
rCold    + . .     Gourm    .   V - +5 shield {AC+3}
rNeg     + + +     Faith    .   p - +0 robe of the Cicada {*Contam *Corrode rN+++ Int+8 Stlth+} (curse)
rPois    +         Spirit   +   N - +0 helmet of the Fiend {MP+9 Int+3}
rElec    +         Reflect  .   H - +1 cloak
rCorr    +         Harm     .   B - +2 pair of gloves {Dex+3}
MR       ++...                  (boots unavailable)
Stlth    ++........             S - amulet of guardian spirit
Regen    0.4/turn               C - ring "Iqaavvu" {rElec rPois rF+ rC+}
MPRegen  0.3/turn               q - ring of resist corrosion

@: about to teleport, corroded
A: hooves 3, demonic guardian 2, fire resistance 1, ignite blood, augmentation
1, flame cloud immunity, sturdy frame 3
}: 2/15 runes: barnacled, gossamer
a: Upheaval, Renounce Religion


You were on level 2 of the Depths.
You worshipped Qazlal.
Qazlal was pleased with you.
You were not hungry.

You visited 9 branches of the dungeon, and saw 41 of its levels.
You visited the Abyss 1 time.
You also visited: Bailey and Volcano.

You collected 4804 gold pieces.
You spent 4181 gold pieces at shops.

Inventory:

Hand Weapons
 a - the +8 trident of the Octopus King (weapon) {venom, rElec rPois MR+}
   (You found it on level 1 of the Orcish Mines)

   It poisons the flesh of those it strikes.
   It insulates you from electricity.
   It protects you from poison.
   It affects your resistance to hostile enchantments.
 d - a +3 scimitar of flaming
 f - a +2 trident of protection
 s - the +7 morningstar of Fortitude {speed, rC- MR+ Str+4 Dex+3 Stlth+}
   (You found it on level 6 of the Lair of Beasts)

   Attacks with this weapon are significantly faster.
   It affects your strength (+4).
   It affects your dexterity (+3).
   It makes you vulnerable to cold.
   It affects your resistance to hostile enchantments.
   It makes you more stealthy.
 w - a +0 blowgun
Missiles
 i - 8 curare-tipped needles
 r - 38 tomahawks (quivered)
 y - 7 poisoned tomahawks
 K - 6 throwing nets {!*}
 W - 15 javelins of returning
Armour
 o - the +6 ring mail "Haitweco" {rElec Regen+ Slay-3}
   (You found it on level 2 of the Depths)

   It affects your accuracy and damage with ranged weapons and melee attacks
   (-3).
   It insulates you from electricity.
   It increases your rate of regeneration.
 p - the cursed +0 robe of the Cicada (worn) {*Contam *Corrode rN+++ Int+8 Stlth+}
   (You took it off a necromancer on level 1 of the Crypt)

   It affects your intelligence (+8).
   It renders you almost immune to negative energy.
   It causes magical contamination when unequipped.
   It may corrode you when you take damage.
   It makes you more stealthy.
   It has a curse placed upon it.
 B - a +2 pair of gloves of dexterity (worn)
 H - a +1 cloak (worn)
 N - the +0 helmet of the Fiend (worn) {MP+9 Int+3}
   (You acquired it on level 2 of the Depths)

   It affects your intelligence (+3).
   It affects your magic capacity (+9).
 V - a +5 shield of protection (worn)
Magical Staves
 J - an uncursed staff of conjuration
Jewellery
 q - a ring of resist corrosion (right hand)
 C - the ring "Iqaavvu" (left hand) {rElec rPois rF+ rC+}
   (You found it on level 1 of the Depths)

   [ring of poison resistance]

   It protects you from fire.
   It protects you from cold.
   It insulates you from electricity.
   It protects you from poison.
 L - an uncursed ring of protection from fire
 R - an uncursed ring of see invisible
 S - an amulet of guardian spirit (around neck)
Wands
 k - a wand of digging (12/24)
Scrolls
 b - 7 scrolls of remove curse
 t - 13 scrolls of identify
 u - 3 scrolls of magic mapping
 v - 3 scrolls of teleportation
 G - a scroll of amnesia
 I - 2 scrolls of blinking
 O - 4 scrolls of silence
 Q - 6 scrolls of immolation
 T - 8 scrolls of fog
Potions
 n - 3 potions of resistance
 x - 6 potions of flight
 z - 2 potions of berserk rage
 A - a potion of cancellation
 E - 12 potions of curing
 M - a potion of haste
 U - 4 potions of invisibility
Miscellaneous
 c - a lamp of fire (inert)
 e - a lightning rod (2/4)
 l - a fan of gales
 D - a phial of floods (inert)
Comestibles
 g - 8 royal jellies
 j - 23 meat rations
 F - 16 bread rations


   Skills:
 - Level 14.0 Fighting
 - Level 12.0 Maces & Flails
 - Level 15.6 Armour
 - Level 14.8 Dodging
 - Level 1.0 Stealth
 * Level 18.7 Shields
 - Level 9.1 Spellcasting
 * Level 6.4 Conjurations
 * Level 5.8 Charms
 * Level 8.6 Fire Magic
 - Level 1.7 Earth Magic
 - Level 14.0 Invocations


You had 12 spell levels left.
You knew the following spells:

 Your Spells              Type           Power        Failure   Level  Hunger
a - Apportation           Tloc           ##....       4%          1    None
b - Inner Flame           Hex/Fire       #####...     2%          3    None
c - Conjure Flame         Conj/Fire      ######..     1%          3    None
d - Ignite Poison         Fire/Tmut/Pois ####....     4%          3    None
e - Shroud of Golubria    Chrm/Tloc      ####......   1%          2    None
f - Passwall              Tmut/Erth      ###.......   4%          2    None
g - Regeneration          Chrm/Necr      ####......   3%          3    None
h - Fireball              Conj/Fire      ######....   5%          5    ####...
i - Mephitic Cloud        Conj/Pois/Air  ###.....     5%          3    None
j - Blink                 Tloc           N/A          7%          2    None


Dungeon Overview and Level Annotations

Branches:
Dungeon (15/15)            Temple (1/1) D:4            Lair (6/6) D:9
 Shoals (4/4) Lair:2       Spider (4/4) Lair:3        Slime (0/5) Lair:6
    Orc (2/2) D:9             Elf (0/3) Orc:2        Vaults (4/5) D:14
  Crypt (2/3) Vaults:3     Depths (3/5) D:15

Altars:
Ashenzari
Cheibriados
Dithmenos
Elyvilon
Fedhas
Gozag
Hepliaklqana
Kikubaaqudgha
Makhleb
Nemelex Xobeh
Okawaru
Qazlal
Ru
Sif Muna
Trog
Uskayaw
Vehumet
Xom
Yredelemnul
Zin
The Shining One
Beogh
Jiyva

Shops:
D:9 (   D:13 (   D:15 [   Orc:2 *[*([   Shoals:1 !   Vaults:1 :(%*?
Vaults:2 %   Vaults:3 =%}(   Vaults:4 %   Depths:1 (   Depths:2 :([!

Portals:
Hell: Depths:1 Depths:2
Abyss: Depths:1
Pandemonium: Depths:1
Ziggurat: Depths:2

Annotations:
Lair:3 1 runed door
Lair:4 exclusion: oklob plant
Shoals:3 exclusion: upstairs
Shoals:4 Ilsuiw


Innate Abilities, Weirdness & Mutations

You have hooves in place of feet.
A demonic guardian rushes to your aid.
Your flesh is heat resistant. (rF+)
Your demonic aura causes spilled blood to erupt in flames.
Your magical and physical power is slightly enhanced at high health.
You are immune to clouds of flame.
Your movements are significantly less encumbered by armour. (ER -6)


Message History

You feel strangely unstable.
Your shroud bends something's attack away!!!
Something hits you!!
* * * LOW HITPOINT WARNING * * *
Your shroud falls apart!
Okay, then.
Casting: Shroud of Golubria
Confirm with . or Enter, or press ? or * to list all spells.
Which direction?
Okay, then.
Unknown command.
Casting: Passwall
Confirm with . or Enter, or press ? or * to list all spells.
Space distorts slightly along a thin shroud covering your body.
Something hits you!!
* * * LOW HITPOINT WARNING * * *
Your shroud falls apart!
Okay, then.
You feel better. Something hits you!
You die...

...................#.#
...........#########.#
...........#.........#
..#'###'####.#########
..#.....# #.#.......#
..#####.####.#.#####.#
..# #....#.#.#...#.#
..#####.####.#.#{#.#.#
..'.....# #...#@#...#
..####### ###########
###


There were no monsters in sight!

Vanquished Creatures
  Boris (Crypt:1)
  Sojobo (Vaults:3)
  the Enchantress (Depths:2)
  Rupert (Lair:6)
  Asterion (Depths:2)
  A titan (Depths:3)
  A titan (shapeshifter) (Vaults:3)
  2 ancient champions (Crypt:1)
  A sphinx (Vaults:1)
  Roxanne (D:14)
  5 tengu reavers
  The ghost of Lavandula the Peltast, an adept VSEn of Hepliaklqana (Vaults:2)
  A revenant (Crypt:1)
  4 fire giants
  3 frost giants
  15 vault wardens
  Aizul (Crypt:1)
  Louise (D:14)
  2 emperor scorpions (Spider:4)
  5 ghost moths
  A ghost moth (shapeshifter) (Vaults:3)
  4 orc warlords
  2 very ugly things (Depths:2)
  2 war gargoyles
  3 spriggan defenders (Depths:2)
  8 stone giants
  13 ironheart preservers
  A juggernaut skeleton (Depths:2)
  7 vampire knights
  5 entropy weavers
  A deep elf demonologist (Depths:1)
  A dire elephant (D:15)
  A spark wasp (Spider:4)
  5 crystal guardians
  3 merfolk javelineers
  7 ettins
  A deep elf death mage (Crypt:1)
  An ettin (shapeshifter) (Depths:1)
  Josephine (D:13)
  A blizzard demon (Depths:3)
  2 merfolk impalers
  2 fire dragons
  The ghost of lokibrotherofthor the Cleaver, a journeyman MiBe of Trog (Lair:1)
  4 jiangshi (Crypt:1)
  The ghost of sour the Basher, a journeyman GrFi of Makhleb (Lair:1)
  4 great orbs of eyes
  14 ice dragons
  6 rakshasas
  16 vault guards
  8 yaktaur captains
  A spriggan air mage (Depths:2)
  A hell beast (Depths:1)
  Erolcha (D:9)
  3 hydras
  Erica (D:8)
  2 merfolk aquamancers
  13 centaur warriors
  2 merfolk avatars (Shoals:4)
  A deep troll shaman (Crypt:1)
  3 satyrs
  2 tengu warriors
  3 death knights
  9 ogre magi
  20 two-headed ogres
  4 vampire magi
  6 deep troll earth magi
  2 spriggan berserkers (Depths:3)
  2 orc high priests (Orc:2)
  Sonja (D:11)
  2 soul eaters
  2 titan skeletons
  6 deep elf knights
  2 storm dragon skeletons
  2 shadow wraiths
  5 sea snakes
  41 skeletal warriors
  2 quicksilver dragon simulacra (Depths:3)
  A golden dragon zombie (Crypt:1)
  An entropy weaver zombie (Crypt:1)
  2 glowing orange brains (shapeshifter)
  2 flayed ghosts
  4 wizards
  A death drake (shapeshifter) (Depths:1)
  2 glowing orange brains
  20 deep trolls
  2 unseen horrors
  3 golden dragon skeletons (Depths:2)
  Pikel (D:9)
  16 orc knights
  5 phantasmal warriors
  A sphinx zombie (Vaults:4)
  6 deep elf archers
  17 harpies
  11 orb spiders
  31 wolf spiders
  13 ironbrand convokers
  16 deep elf magi
  7 necromancers
  30 ugly things
  4 oklob plants (Lair:6)
  7 manticores
  5 tengu skeletons
  A stone giant zombie (Vaults:3)
  7 orc sorcerers
  5 cyclopes
  A fire giant zombie (Vaults:4)
  3 frost giant skeletons
  19 slime creatures
  5 fauns
  3 salamanders
  A moth of wrath (Spider:4)
  2 sphinx skeletons (Depths:2)
  16 elephants
  8 rust devils
  22 vault sentinels
  4 fire giant skeletons (Depths:2)
  5 water nymphs
  12 merfolk sirens
  An iron dragon skeleton (Depths:2)
  A stone giant skeleton (Vaults:3)
  A torpor snail (Spider:4)
  An emperor scorpion zombie (Crypt:1)
  3 centaur skeletons
  An ice devil (Depths:2)
  9 spiny frogs
  2 efreet (D:14)
  A kobold demonologist (D:11)
  3 komodo dragons
  38 yaktaurs
  A hellwing (Depths:1)
  3 rime drakes
  7 freezing wraiths
  7 demonic crawlers
  A red devil (Depths:1)
  2 tengu conjurers (Depths:2)
  3 meliai (Spider:1)
  A tengu simulacrum (Vaults:3)
  A queen bee (Lair:3)
  20 jumping spiders
  5 polar bears (Lair:6)
  2 yaktaur skeletons
  4 trolls
  A harpy zombie (D:15)
  6 wind drakes
  24 hornets
  19 merfolk
  11 blink frogs
  A meliai zombie (D:13)
  4 snapping turtles
  An ice dragon zombie (Crypt:1)
  16 hippogriffs
  An ettin zombie (Vaults:3)
  7 dream sheep (Lair:6)
  A frost giant simulacrum (Vaults:3)
  15 flying skulls
  A centaur simulacrum (D:15)
  3 ettin skeletons
  13 spriggans
  2 shadows
  27 tarantellas
  A vampire (D:10)
  57 redbacks
  A spriggan (shapeshifter) (Vaults:3)
  2 redbacks (shapeshifter)
  3 spriggan skeletons (Depths:2)
  6 wraiths
  A hog (shapeshifter) (Vaults:4)
  10 water elementals
  10 wyverns
  6 basilisks
  Eustachio (D:5)
  5 fire bats (Volcano)
  2 steam dragons (Volcano)
  A hungry ghost (D:11)
  A neqoxec (Depths:1)
  10 yaks
  2 yaktaur simulacra
  4 vampire mosquitoes (D:15)
  A deep troll zombie (Crypt:1)
  8 wargs
  A harpy simulacrum (D:15)
  3 acid dragons
  17 water moccasins
  2 hell hounds (Lair:6)
  3 soldier ants
  A floating eye (Depths:3)
  8 porcupines
  3 ice beasts
  2 ettin simulacra (Depths:3)
  3 phantoms
  2 deep troll skeletons (Crypt:1)
  55 orc warriors
  2 slaves (D:8)
  8 boggarts
  3 sky beasts
  A black bear (shapeshifter) (D:15)
  An eye of draining (shapeshifter) (Depths:3)
  An eye of draining (D:13)
  17 wolves (Lair:6)
  2 black bears
  24 centaurs
  12 human skeletons
  A tengu (shapeshifter) (Vaults:4)
  33 ogres
  22 crocodiles
  6 elf skeletons
  2 big kobolds
  A human zombie (Vaults:4)
  21 bullfrogs
  A deep troll simulacrum (Vaults:4)
  A hornet simulacrum (D:15)
  2 scorpions
  31 killer bees
  3 human simulacra
  A warg skeleton (Crypt:1)
  5 wights (D:10)
  5 howler monkeys
  2 electric eels
  6 crimson imps
  4 centaur zombies
  A bullfrog zombie (D:5)
  5 quasits
  12 hounds
  4 jellies
  29 orc priests
  42 orc wizards
  2 bullfrog skeletons
  An iron imp (Depths:1)
  5 iguanas
  4 worker ants
  A felid zombie (Crypt:1)
  An ogre zombie (Crypt:1)
  A hound skeleton (D:6)
  2 howler monkey skeletons
  13 adders
  13 shadow imps
  A white imp (Depths:1)
  4 oozes
  A lava snake zombie (Crypt:1)
  2 adder skeletons
  5 worms
  2 dart slugs (D:1)
  4 leopard geckos
  131 orcs
  12 bats
  5 giant cockroaches
  12 goblins
  8 hobgoblins
  7 jackals
  4 quokkas
  2 ball pythons
  6 frilled lizards
  2 jackal skeletons
  15 kobolds
  A leopard gecko zombie (D:7)
  A quokka zombie (Crypt:1)
  7 rats
  A butterfly (Lair:3)
  5 plants
  5 tentacles
1736 creatures vanquished.

Vanquished Creatures (collateral kills)
  2 krakens
  Gastronok (Orc:1)
  A frost giant (Vaults:4)
  A ghost moth (Spider:4)
  An orc warlord (Orc:1)
  3 vault wardens
  2 ironheart preservers
  A stone giant (Depths:1)
  3 very ugly things
  A spark wasp (Spider:4)
  An ettin (Depths:1)
  A jiangshi (Crypt:1)
  A deep elf high priest (Depths:3)
  2 yaktaur captains
  2 rakshasas
  4 vault guards (Vaults:4)
  2 hydras
  An anaconda (shapeshifter) (D:15)
  An ogre mage (Vaults:3)
  A death knight (D:15)
  2 ice dragons
  3 centaur warriors
  A merfolk aquamancer (Shoals:4)
  5 two-headed ogres
  A deep elf knight (Vaults:2)
  Urug (D:13)
  5 skeletal warriors
  An orange crystal statue (Depths:1)
  An anaconda zombie (Crypt:1)
  2 deep trolls
  A deep elf archer (Vaults:4)
  2 ironbrand convokers
  A phantasmal warrior (D:13)
  3 harpies (Shoals:1)
  A necromancer (Vaults:3)
  2 orc knights
  A manticore (Shoals:2)
  A wolf spider (Spider:3)
  A shadow dragon skeleton (Vaults:4)
  An elephant (Lair:3)
  A salamander (Volcano)
  9 ugly things
  A faun (Shoals:2)
  An orc sorcerer (Orc:1)
  A merfolk siren (Shoals:2)
  2 vault sentinels
  2 human skeletons (Vaults:3)
  A rust devil (Depths:3)
  3 spiny frogs
  A black mamba (Lair:2)
  A komodo dragon (Lair:6)
  A freezing wraith (Depths:3)
  8 yaktaurs
  A demonic crawler (Spider:4)
  2 merfolk
  6 jumping spiders
  3 trolls
  A wind drake (Shoals:1)
  A blink frog (Lair:5)
  2 hippogriffs
  2 spriggans (Lair:6)
  A flying skull (Depths:2)
  A tarantella (Spider:4)
  A wyvern (Lair:6)
  8 redbacks
  4 yaks
  A water elemental (Shoals:4)
  2 wraiths
  A porcupine (Lair:4)
  A black bear (Lair:6)
  6 orc warriors
  An eye of draining (D:14)
  An ettin simulacrum (Depths:3)
  An ogre (Vaults:3)
  2 wolves (Lair:6)
  A centaur (Vaults:2)
  A crocodile (Lair:6)
  2 killer bees (Lair:3)
  An orc priest (Orc:1)
  2 orc wizards
  A worker ant (D:13)
  7 orcs
  A tentacle (Shoals:1)
165 creatures vanquished.

Vanquished Creatures (others)
  A deep elf knight (Vaults:2)
  A freezing wraith (Depths:3)
  A slave (D:9)
  An ettin simulacrum (Depths:3)
  A centaur (Vaults:2)
  A boggart (Depths:1)
  4 orcs
  20 fungi
  45 plants
  21 tentacles
  5 toadstools (D:1)
101 creatures vanquished.

Grand Total: 2002 creatures vanquished

Notes
Turn   | Place    | Note
-------+----------+-------------------------------------------
     0 | D:1      | Chiseanne the Demonspawn Wanderer began the quest for the Orb.
     0 | D:1      | Chiseanne set off with: a +2 scale mail, a +0 spear, a potion of curing, a bread ration
     0 | D:1      | Reached XP level 1. HP: 15/15 MP: 2/2
   223 | D:1      | Gained mutation: Your flesh is heat resistant. (rF+) [demonic ancestry]
   223 | D:1      | Reached XP level 2. HP: 20/21 MP: 3/3
   759 | D:1      | Reached skill level 1 in Dodging
   825 | D:2      | Gained mutation: Your movements are slightly less encumbered by armour. (ER -2) [demonic ancestry]
   825 | D:2      | Reached XP level 3. HP: 27/27 MP: 4/4
   842 | D:2      | Found a burning altar of Makhleb.
  1735 | D:2      | Reached XP level 4. HP: 34/34 MP: 5/5
  2034 | D:3      | Found a basalt altar of Yredelemnul.
  2465 | D:4      | Gained mutation: You are immune to clouds of flame. [demonic ancestry]
  2465 | D:4      | Reached XP level 5. HP: 23/40 MP: 6/6
  2705 | D:4      | Found a shadowy altar of Dithmenos.
  3071 | D:4      | Found a staircase to the Ecumenical Temple.
  3082 | Temple   | Entered the Ecumenical Temple
  3119 | Temple   | Became a worshipper of Qazlal Stormbringer
  3290 | D:4      | Found a shimmering altar of Xom.
  3293 | D:4      | Found an opulent altar of Gozag.
  3296 | D:4      | Found a radiant altar of Vehumet.
  3520 | D:4      | Reached XP level 6. HP: 37/47 MP: 7/7
  3908 | D:5      | Entered Level 5 of the Dungeon
  3955 | D:5      | HP: 1/47 [killer bee/exploding inner flame[the player character] (11)]
  3955 | D:5      | Reached skill level 5 in Armour
  4220 | D:5      | Reached XP level 7. HP: 43/54 MP: 8/8
  4623 | D:5      | Noticed a two-headed ogre
  4769 | D:5      | Noticed Eustachio
  4784 | D:5      | Killed Eustachio
  4784 | D:5      | Reached skill level 5 in Fighting
  5125 | D:5      | Killed a two-headed ogre
  5125 | D:5      | Reached skill level 5 in Dodging
  5125 | D:5      | Reached XP level 8. HP: 36/64 MP: 9/9
  5830 | D:6      | Reached * piety under Qazlal
  5923 | D:6      | Found a blossoming altar of Fedhas.
  5939 | D:6      | Gained mutation: Your movements are less encumbered by armour. (ER -4) [demonic ancestry]
  5939 | D:6      | Reached XP level 9. HP: 68/71 MP: 10/10
  6510 | D:6      | Found an ancient bone altar of Kikubaaqudgha.
  6846 | D:7      | Noticed a hand axe
  6848 | D:7      | Found a hide-covered altar of Uskayaw.
  6850 | D:7      | Noticed a hand axe
  6906 | D:7      | Reached ** piety under Qazlal
  7070 | D:7      | Reached skill level 1 in Invocations
  7647 | D:7      | Noticed a troll
  7663 | D:7      | Killed a troll
  7926 | D:8      | Noticed Erica
  7956 | D:8      | Killed Erica
  7956 | D:8      | Reached XP level 10. HP: 23/80 MP: 11/13
  8356 | D:8      | Noticed a two-headed ogre
  8376 | D:8      | Killed a two-headed ogre
  8421 | D:8      | Reached skill level 5 in Invocations
  9223 | D:8      | Found a basalt altar of Yredelemnul.
  9226 | D:8      | Found a snail-covered altar of Cheibriados.
  9453 | D:8      | Found a blossoming altar of Fedhas.
  9455 | D:8      | Found a glowing golden altar of the Shining One.
  9488 | D:8      | Found a shattered altar of Ashenzari.
  9504 | D:9      | Found a staircase to the Lair.
  9510 | D:9      | Noticed Pikel
  9532 | D:9      | Killed Pikel
  9532 | D:9      | Reached skill level 2 in Shields
  9557 | D:9      | Got a dazzling rapier
  9562 | D:9      | Identified the cursed +2 rapier "Ryifih" {elec, MR+ Dex+2} (You found it on level 9 of the Dungeon)
  9694 | D:9      | Found a staircase to the Orcish Mines.
  9697 | D:9      | Found Kiessah's Weapon Boutique.
  9778 | D:9      | Found a sparkling altar of Nemelex Xobeh.
  9899 | D:9      | Noticed Erolcha
  9899 | D:9      | Cast into level 2 of the Abyss (Erolcha)
  9936 | D:9      | Escaped the Abyss
  9946 | D:9      | Killed Erolcha
  9988 | D:9      | Reached *** piety under Qazlal
 10025 | D:9      | Paralysed by a hornet for 1 turns
 10030 | D:9      | Reached skill level 3 in Shields
 10556 | D:10     | Entered Level 10 of the Dungeon
 10571 | D:10     | Gained mutation: A weak demonic guardian rushes to your aid. [demonic ancestry]
 10571 | D:10     | Reached XP level 11. HP: 89/89 MP: 16/16
 10870 | D:10     | Found a flagged portal.
 10877 | Bailey   | Entered a bailey
 10882 | Bailey   | Noticed a deep elf mage
 10886 | Bailey   | Noticed a deep elf mage
 10888 | Bailey   | Noticed a deep elf mage
 10888 | Bailey   | Killed a deep elf mage
 10892 | Bailey   | Killed a deep elf mage
 10896 | Bailey   | Noticed a deep elf mage
 10897 | Bailey   | Noticed a deep elf mage
 10899 | Bailey   | Noticed a deep elf mage
 10901 | Bailey   | Noticed a deep elf mage
 10909 | Bailey   | Killed a deep elf mage
 10916 | Bailey   | Killed a deep elf mage
 10923 | Bailey   | Killed a deep elf mage
 10927 | Bailey   | Killed a deep elf mage
 10927 | Bailey   | Reached skill level 4 in Shields
 10931 | Bailey   | Noticed a deep elf mage
 10932 | Bailey   | Noticed a deep elf mage
 10933 | Bailey   | Killed a deep elf mage
 10942 | Bailey   | Killed a deep elf mage
 10960 | Bailey   | Killed a deep elf mage
 10960 | Bailey   | Reached skill level 10 in Fighting
 10960 | Bailey   | Reached skill level 10 in Armour
 11186 | Bailey   | Noticed a deep elf knight
 11198 | Bailey   | Killed a deep elf knight
 12078 | D:11     | Reached skill level 5 in Shields
 12314 | D:11     | Noticed Sonja
 12627 | D:11     | Killed Sonja
 12717 | D:11     | Noticed a two-headed ogre
 12726 | D:11     | Killed a two-headed ogre
 12726 | D:11     | Gained mutation: You have large cloven feet. [demonic ancestry]
 12726 | D:11     | Reached XP level 12. HP: 98/98 MP: 15/19
 13022 | Lair:1   | Entered Level 1 of the Lair of Beasts
 13232 | Lair:1   | Reached skill level 6 in Shields
 13276 | Lair:1   | Reached skill level 10 in Invocations
 13433 | Lair:1   | Noticed sour's ghost (journeyman GrFi)
 13448 | Lair:1   | Noticed lokibrotherofthor's ghost (journeyman MiBe)
 14097 | Lair:2   | Found a staircase to the Shoals.
 14517 | Lair:3   | Reached skill level 7 in Shields
 14713 | Lair:3   | Found a hole to the Spider Nest.
 14853 | Lair:4   | Found a blossoming altar of Fedhas.
 14986 | Lair:5   | Noticed a six-headed hydra
 14996 | Lair:5   | Killed a four-headed hydra
 15276 | Lair:4   | Gained mutation: You have hoof-like feet. [demonic ancestry]
 15276 | Lair:4   | Reached XP level 13. HP: 44/107 MP: 10/21
 15586 | Lair:6   | Entered Level 6 of the Lair of Beasts
 15923 | Lair:6   | Found a dark tunnel.
 15931 | Volcano  | Entered a volcano
 15965 | Volcano  | Reached **** piety under Qazlal
 16001 | Volcano  | Reached skill level 8 in Shields
 16410 | Volcano  | Noticed a fire dragon
 16427 | Volcano  | Killed a fire dragon
 16554 | Lair:6   | Noticed Rupert
 16557 | Lair:6   | Paralysed by Rupert for 7 turns
 16586 | Lair:6   | Killed Rupert
 16887 | Lair:6   | Got a crude robe
 17108 | Lair:6   | Identified the +0 robe of the Invisible Ships {+Blink Str+2} (You found it on level 6 of the Lair of Beasts)
 17323 | Lair:6   | Reached skill level 9 in Shields
 17323 | Lair:6   | Gained mutation: A demonic guardian rushes to your aid. [demonic ancestry]
 17323 | Lair:6   | Reached XP level 14. HP: 77/116 MP: 7/24
 17455 | Lair:6   | Got a transparent morningstar
 17456 | Lair:6   | Identified the +7 morningstar of Fortitude {speed, rC- MR+ Str+4 Dex+3 Stlth+} (You found it on level 6 of the Lair of Beasts)
 17825 | Lair:6   | Found a viscous altar of Jiyva.
 17826 | Lair:6   | Found a staircase to the Slime Pits.
 17886 | Lair:6   | Paralysed by a hornet for 3 turns
 18223 | Lair:6   | Reached skill level 10 in Dodging
 18409 | Lair:6   | Identified the Collected Works on Execration
 19619 | Lair:3   | Found a runed door.
 20391 | Lair:1   | Killed sour's ghost
 20900 | Lair:1   | Killed lokibrotherofthor's ghost
 21597 | D:13     | Reached skill level 10 in Shields
 21714 | D:13     | Found a frozen archway.
 21726 | D:13     | Noticed Urug
 21739 | D:13     | Killed Urug
 21892 | D:13     | Found Duocofuq's Antique Weapon Shoppe.
 21991 | D:13     | Noticed Josephine
 21998 | D:13     | Killed Josephine
 22927 | D:14     | Paralysed by a hornet for 3 turns
 23397 | D:14     | Noticed Louise
 23425 | D:14     | Killed Louise
 23425 | D:14     | Reached XP level 15. HP: 81/125 MP: 18/25
 23756 | D:14     | Noticed Roxanne
 23963 | D:14     | Found a gate to the Vaults.
 24215 | D:14     | Killed Roxanne
 24215 | D:14     | Reached skill level 1 in Maces & Flails
 24216 | D:14     | Identified Roxanne's Disquisition on Earth (You took it off Roxanne on level 14 of the Dungeon)
 24532 | D:15     | Entered Level 15 of the Dungeon
 24671 | D:15     | Reached skill level 11 in Shields
 25103 | D:15     | Found Ryehong's Armour Emporium.
 25193 | D:15     | Found a staircase to the Depths.
 25702 | Orc:1    | Entered Level 1 of the Orcish Mines
 25937 | Orc:1    | Noticed Gastronok
 25939 | Orc:1    | Noticed an orc warlord
 25943 | Orc:1    | Killed Gastronok
 26027 | Orc:1    | Killed an orc warlord
 26104 | Orc:1    | Noticed an orc warlord
 26156 | Orc:1    | Killed an orc warlord
 26580 | Orc:1    | Noticed an orc warlord
 26647 | Orc:1    | Killed an orc warlord
 26647 | Orc:1    | Reached skill level 5 in Maces & Flails
 26959 | Orc:2    | Entered Level 2 of the Orcish Mines
 27071 | Orc:2    | Found Hiblauhe's General Store.
 27082 | Orc:2    | Bought a potion of curing for 45 gold pieces
 27082 | Orc:2    | Bought a potion of cancellation for 120 gold pieces
 27082 | Orc:2    | Bought a potion of invisibility for 120 gold pieces
 27082 | Orc:2    | Bought a scroll of teleportation for 45 gold pieces
 27117 | Orc:2    | Found a roughly hewn altar of Beogh.
 27252 | Orc:2    | Found a roughly hewn altar of Beogh.
 27256 | Orc:2    | Found Nots's Armour Shop.
 27264 | Orc:2    | Bought a +2 pair of gloves of dexterity for 301 gold pieces
 27348 | Orc:2    | Reached skill level 12 in Shields
 27462 | Orc:2    | Found a roughly hewn altar of Beogh.
 27469 | Orc:2    | Found a staircase to the Elven Halls.
 27603 | Orc:2    | Found a roughly hewn altar of Beogh.
 27619 | Orc:2    | Found a roughly hewn altar of Beogh.
 27707 | Orc:2    | Noticed an orc warlord
 27713 | Orc:2    | Killed an orc warlord
 27718 | Orc:2    | Found Mask's Antique Armour Shoppe.
 27721 | Orc:2    | Found a roughly hewn altar of Beogh.
 27725 | Orc:2    | Found Taxit's Antique Weapon Emporium.
 27737 | Orc:2    | Bought a faintly glowing helmet for 313 gold pieces
 27738 | Orc:2    | Identified the +2 helmet "Mioppe" {-Cast +Inv Str+7} (You bought it in a shop on level 2 of the Orcish Mines)
 27750 | Orc:2    | Bought a smoking robe for 188 gold pieces
 27751 | Orc:2    | Identified the +0 robe of Dishonour {rElec} (You bought it in a shop on level 2 of the Orcish Mines)
 27857 | Orc:2    | Found Wico's Assorted Antiques.
 27865 | Orc:2    | Bought a scroll of teleportation for 84 gold pieces
 27865 | Orc:2    | Bought a scroll of fear for 98 gold pieces
 27906 | Orc:2    | Bought a +2 chain mail of cold resistance for 301 gold pieces
 28075 | Spider:1 | Entered Level 1 of the Spider Nest
 28143 | Spider:1 | Gained mutation: Your demonic aura causes spilled blood to erupt in flames. [demonic ancestry]
 28143 | Spider:1 | Reached XP level 16. HP: 117/133 MP: 22/26
 30643 | Spider:3 | Got a pair of dazzling boots
 30657 | Spider:3 | Identified the cursed +0 pair of boots of Entitlement {rPois MR+} (You found it on level 3 of the Spider Nest)
 31225 | Spider:4 | Entered Level 4 of the Spider Nest
 31226 | Spider:4 | Identified a scroll of acquirement
 31259 | Spider:3 | Reached skill level 13 in Shields
 32214 | Spider:4 | Reached XP level 17. HP: 122/139 MP: 25/27
 32625 | Spider:4 | Got a gossamer rune of Zot
 32887 | Shoals:1 | Entered Level 1 of the Shoals
 32928 | Shoals:1 | Found Gaonn's Distillery.
 32955 | Shoals:1 | Bought a potion of brilliance for 68 gold pieces
 32955 | Shoals:1 | Bought a potion of mutation for 136 gold pieces
 32955 | Shoals:1 | Bought a potion of brilliance for 68 gold pieces
 32955 | Shoals:1 | Bought a potion of resistance for 170 gold pieces
 32955 | Shoals:1 | Bought a potion of flight for 51 gold pieces
 32955 | Shoals:1 | Bought a potion of curing for 51 gold pieces
 32955 | Shoals:1 | Bought a potion of might for 68 gold pieces
 33015 | Shoals:1 | Noticed a kraken
 33031 | Shoals:1 | Killed a kraken
 33572 | Shoals:3 | Learned a level 1 spell: Apportation
 33669 | Shoals:3 | Reached skill level 10 in Maces & Flails
 33712 | Shoals:3 | Reached skill level 14 in Shields
 33839 | Shoals:4 | Entered Level 4 of the Shoals
 34121 | Shoals:4 | Noticed a kraken
 34153 | Shoals:4 | Noticed Ilsuiw
 34158 | Shoals:4 | Killed a kraken
 34701 | Shoals:4 | Got a barnacled rune of Zot
 35313 | Vaults:1 | Entered Level 1 of the Vaults
 35668 | Vaults:1 | Found Reock's Book Emporium.
 35710 | Vaults:1 | Reached XP level 18. HP: 146/146 MP: 28/28
 35814 | Vaults:1 | Found Koff's General Store.
 35819 | Vaults:1 | Found Juolulun's Magic Scroll Emporium.
 35820 | Vaults:1 | Bought a scroll of fog for 26 gold pieces
 35823 | Vaults:1 | Found Qiegregeps's Food Emporium.
 35830 | Vaults:1 | Bought a scroll of fog for 34 gold pieces
 35830 | Vaults:1 | Bought a scroll of fog for 34 gold pieces
 35830 | Vaults:1 | Bought a scroll of identify for 34 gold pieces
 36080 | Vaults:1 | Found Cipnuaf's Antique Weapon Boutique.
 36882 | Vaults:2 | Reached skill level 15 in Shields
 36925 | Vaults:2 | Noticed Lavandula's ghost (adept VSEn)
 36995 | Vaults:2 | Killed Lavandula's ghost
 38765 | Vaults:2 | Reached skill level 15 in Armour
 38815 | Vaults:2 | Gained mutation: You have hooves in place of feet. [demonic ancestry]
 38815 | Vaults:2 | Reached XP level 19. HP: 146/152 MP: 25/29
 38876 | Vaults:2 | Found Emizeriu's Food Boutique.
 39069 | Vaults:3 | Found Gushe's Gadget Shoppe.
 39463 | Vaults:3 | Reached skill level 16 in Shields
 39463 | Vaults:3 | Reached skill level 5 in Spellcasting
 39935 | Vaults:3 | Noticed Sojobo
 39958 | Vaults:3 | Killed Sojobo
 40347 | Vaults:3 | Found Coifourgh's Jewellery Emporium.
 40542 | Vaults:3 | Found Kiorav's Antique Weapon Shoppe.
 41054 | Vaults:3 | Noticed a shard shrike
 41061 | Vaults:3 | a shard shrike changed into a titan
 41556 | Vaults:3 | Found Qosmuasm's Food Shop.
 41744 | Vaults:3 | Reached ***** piety under Qazlal
 42040 | Vaults:3 | Found a staircase to the Crypt.
 42226 | Vaults:3 | Reached XP level 20. HP: 68/159 MP: 15/31
 42574 | Vaults:4 | Reached skill level 17 in Shields
 42880 | Vaults:4 | Found Soudyn's Food Emporium.
 43470 | Vaults:4 | Learned a level 3 spell: Ignite Poison
 43844 | Vaults:4 | Reached skill level 1 in Fire Magic
 44553 | Vaults:1 | Bought Cerebov's Papyrus of the Arsonist for 1210 gold pieces
 44557 | Vaults:1 | Learned a level 3 spell: Inner Flame
 44561 | Vaults:1 | Learned a level 3 spell: Conjure Flame
 44707 | D:15     | Learned a level 2 spell: Shroud of Golubria
 44710 | D:15     | Learned a level 2 spell: Passwall
 44714 | D:15     | Learned a level 3 spell: Regeneration
 45770 | Crypt:1  | Entered Level 1 of the Crypt
 46243 | Crypt:1  | Got a ripped robe
 46244 | Crypt:1  | Identified the cursed +0 robe of the Cicada {*Contam *Corrode rN+++ Int+8 Stlth+} (You took it off a necromancer on level 1 of the Crypt)
 46357 | Crypt:1  | Paralysed by a vampire knight for 2 turns
 46391 | Crypt:1  | Noticed Aizul
 46411 | Crypt:1  | Killed Aizul
 47325 | Crypt:1  | Noticed Boris
 47348 | Crypt:1  | Killed Boris
 48012 | Crypt:1  | Paralysed by a vampire knight for 2 turns
 48435 | Crypt:1  | Paralysed by a vampire knight for 2 turns
 49105 | Depths:1 | Entered Level 1 of the Depths
 49105 | Depths:1 | Found Vianwi's Antique Weapon Boutique.
 49216 | Depths:1 | Gained mutation: Your movements are significantly less encumbered by armour. (ER -6) [demonic ancestry]
 49216 | Depths:1 | Reached XP level 21. HP: 138/165 MP: 29/34
 49336 | Depths:1 | Reached skill level 5 in Fire Magic
 49445 | Depths:1 | Gained mutation: Your skin changes colour to match your surroundings (Stealth+). [a neqoxec]
 49445 | Depths:1 | Gained mutation: Your body sometimes deteriorates upon taking damage. [a neqoxec]
 49490 | Depths:1 | Found a one-way gate leading to the halls of Pandemonium.
 49535 | Depths:1 | Noticed Mara
 49559 | Depths:1 | Noticed Chiseanne's illusion
 49610 | Depths:1 | Noticed Chiseanne's illusion
 49975 | Depths:1 | Got an ancient plate armour
 49976 | Depths:1 | Identified the +8 plate armour of Music {rF+ MR+} (You took it off a rakshasa on level 1 of the Depths)
 50093 | Depths:1 | Found a gateway to Hell.
 50411 | Depths:1 | Found a runed door.
 50438 | Depths:1 | Found a one-way gate to the infinite horrors of the Abyss.
 50452 | Depths:1 | Paralysed by a great orb of eyes for 3 turns
 50777 | Depths:1 | Reached skill level 18 in Shields
 51757 | Depths:1 | Got a shimmering jade ring
 51786 | Depths:1 | Got a bloodstained chain mail
 51787 | Depths:1 | Identified the +2 chain mail "Pyxtuts" {*Drain rElec MR++ Dex+2} (You found it on level 1 of the Depths)
 51789 | Depths:1 | Identified the ring "Iqaavvu" {rElec rPois rF+ rC+} (You found it on level 1 of the Depths)
 52044 | Depths:1 | Noticed Chiseanne's illusion
 52095 | Depths:1 | Noticed Chiseanne's illusion
 52502 | D:15     | Lost mutation: Your skin changes colour to match your surroundings (Stealth+). [potion of mutation]
 52502 | D:15     | Lost mutation: Your body sometimes deteriorates upon taking damage. [potion of mutation]
 52502 | D:15     | Gained mutation: You are weak. (Str -2) [potion of mutation]
 52502 | D:15     | Lost mutation: You are weak. (Str -2) [potion of mutation]
 52521 | Depths:1 | Noticed Chiseanne's illusion
 52934 | Depths:1 | Noticed Chiseanne's illusion
 53063 | Depths:1 | Noticed Chiseanne's illusion
 53439 | Depths:2 | Reached skill level 1 in Conjurations
 53471 | Depths:2 | Noticed Asterion
 53520 | Depths:1 | Noticed Chiseanne's illusion
 53906 | Depths:2 | Reached skill level 1 in Charms
 53941 | Depths:2 | Killed Asterion
 54010 | Depths:2 | Found Heazoczu's Antique Armour Emporium.
 54013 | Depths:2 | Found Ruwopec's Distillery.
 54013 | Depths:2 | Found Xitos's Book Shoppe.
 54545 | Depths:2 | Found Wimoih's Weapon Shoppe.
 54568 | Depths:2 | Bought an embroidered scarf for 328 gold pieces
 54790 | Depths:2 | Got a brightly glowing helmet
 54791 | Depths:2 | Identified the +0 helmet of the Fiend {MP+9 Int+3} (You acquired it on level 2 of the Depths)
 55019 | Depths:2 | Noticed the Enchantress
 55031 | Depths:2 | Killed the Enchantress
 55289 | Depths:2 | Got faerie dragon scales
 55290 | Depths:2 | Identified the +1 faerie dragon scales {rN++ rCorr Str+2} (You took it off the Enchantress on level 2 of the Depths)
 55294 | Depths:2 | Found a gateway to a ziggurat.
 55916 | Depths:2 | Paralysed by a vampire knight for 3 turns
 56834 | Depths:2 | Reached skill level 5 in Conjurations
 56900 | Depths:1 | Noticed Chiseanne's illusion
 57059 | Vaults:1 | Bought a scroll of recharging for 161 gold pieces
 57060 | Vaults:1 | Bought a scroll of enchant armour for 127 gold pieces
 57165 | D:15     | Learned a level 5 spell: Fireball
 57176 | Depths:1 | Noticed Chiseanne's illusion
 57697 | Depths:2 | Reached skill level 5 in Charms
 57751 | Depths:2 | Gained mutation: Your magical and physical power is slightly enhanced at high health. [demonic ancestry]
 57751 | Depths:2 | Reached XP level 22. HP: 98/172 MP: 17/35
 58023 | Depths:2 | Learned a level 3 spell: Mephitic Cloud
 58026 | Depths:2 | Learned a level 2 spell: Blink
 58033 | Depths:2 | Got a transparent ring mail
 58035 | Depths:2 | Identified the +6 ring mail "Haitweco" {rElec Regen+ Slay-3} (You found it on level 2 of the Depths)
 58076 | Depths:2 | Identified Onemiaty's Almanac of Supportive Self-Knowledge
 59587 | Depths:2 | HP: 4/172 [something (24)]
 59588 | Depths:2 | Slain by a spriggan berserker

Skill      XL: |  1  2  3  4  5  6  7  8  9 10 11 12 13 14 15 16 17 18 19 20 21 22 |
---------------+-------------------------------------------------------------------+-----
Dodging        | 1 2 3 5 6 7 8 9 11 12 13 14 | 14.8
Armour         | 4 5 6 7 8 9 10 11 12 13 15 | 15.6
Fighting       | 2 3 4 6 8 9 10 11 12 13 14 | 14.0
Invocations    | 4 6 9 11 13 14 | 14.0
Shields        | 3 5 7 9 10 12 13 14 15 16 17 18 | 18.7
Maces & Flails | 5 8 10 12 | 12.0
Spellcasting   | 3 7 9 |  9.1
Fire Magic     | 4 8 |  8.6
Conjurations   | 5 6 |  6.4
Charms         | 5 |  5.8
Stealth        | |  1.0
Earth Magic    | |  1.7

Action                   |  1- 3 |  4- 6 |  7- 9 | 10-12 | 13-15 | 16-18 | 19-21 | 22-24 || total
-------------------------+-------+-------+-------+-------+-------+-------+-------+-------++-------
Melee: Spear             |   179 |       |       |       |       |       |       |       ||   179
       Rapier            |     4 |   261 |       |   100 |   158 |       |       |       ||   523
       Dagger            |       |    12 |   322 |   750 |   636 |       |       |       ||  1720
       Flail             |       |       |    26 |       |       |       |       |       ||    26
       Quarterstaff      |       |       |    44 |    22 |       |       |       |       ||    66
       Scimitar          |       |       |       |    27 |     6 |    36 |   418 |    34 ||   521
       Morningstar       |       |       |       |       |   899 |   394 |   530 |    87 ||  1910
       Trident           |       |       |       |       |   286 |   960 |  1229 |    56 ||  2531
       Kick              |       |       |       |       |       |       |  1131 |    93 ||  1224
 Fire: Blowgun           |       |       |       |       |     6 |       |     2 |       ||     8
Throw: Javelin           |       |       |       |     1 |       |     6 |    15 |    24 ||    46
       Throwing net      |       |       |       |       |     1 |       |       |       ||     1
       Tomahawk          |       |       |       |       |       |     6 |       |     2 ||     8
 Cast: Conjure Flame     |       |       |       |       |       |       |    28 |       ||    28
       Shroud of Golubri |       |       |       |       |       |       |    18 |    14 ||    32
       Inner Flame       |       |       |       |       |       |       |    24 |       ||    24
       Regeneration      |       |       |       |       |       |       |    12 |    15 ||    27
       Ignite Poison     |       |       |       |       |       |       |     3 |     2 ||     5
       Mephitic Cloud    |       |       |       |       |       |       |       |     4 ||     4
Invok: Upheaval          |       |       |       |    17 |    62 |    62 |    47 |     5 ||   193
       Elemental Force   |       |       |       |     1 |     2 |     1 |     6 |       ||    10
Evoke: Wand              |       |       |     1 |     2 |    19 |     9 |    14 |       ||    45
       Phantom mirror    |       |       |       |       |     1 |       |     2 |       ||     3
       Lamp of fire      |       |       |       |       |       |     3 |     5 |     1 ||     9
       Lightning rod     |       |       |       |       |       |       |     4 |     2 ||     6
       Phial of floods   |       |       |       |       |       |       |     2 |       ||     2
       Fan of gales      |       |       |       |       |       |       |     1 |       ||     1
  Use: Scroll            |       |    11 |    10 |    18 |    13 |    15 |    17 |     6 ||    90
       Potion            |       |     2 |     1 |     8 |     4 |     3 |    16 |     1 ||    35
 Stab: Distracted        |       |       |       |     6 |    10 |     4 |    10 |     1 ||    31
       Invisible         |       |       |       |       |     2 |       |       |       ||     2
       Fleeing           |       |       |       |       |       |     1 |       |       ||     1
  Eat: Chunk             |     2 |     9 |    11 |    16 |    26 |    19 |    19 |       ||   102
       Royal jelly       |       |       |     1 |       |     1 |     6 |    19 |     5 ||    32
       Fruit             |       |       |       |    11 |    27 |       |    10 |       ||    48
Armor: Scale mail        |    78 |   213 |   208 |   163 |       |       |       |       ||   662
       Troll leather arm |       |       |       |   188 |   433 |       |       |       ||   621
       Chain mail        |       |       |       |       |     5 |   669 |    51 |       ||   725
       Ring mail         |       |       |       |       |       |       |   237 |       ||   237
       Robe              |       |       |       |       |       |       |    46 |    27 ||    73
Dodge: Dodged            |    75 |   211 |   325 |   743 |  1244 |   944 |   985 |   109 ||  4636
       Deflected         |       |       |       |       |     4 |       |    29 |       ||    33
Block: Other             |       |       |    14 |    10 |       |       |       |       ||    24
       Buckler           |       |       |       |   467 |   701 |       |       |       ||  1168
       Large shield      |       |       |       |       |   737 |   659 |       |       ||  1396
       Shield            |       |       |       |       |       |  1337 |  2454 |   192 ||  3983
       Rpst.: Scimitar   |       |       |       |     6 |     2 |    13 |    34 |     7 ||    62
